Cogmind - Beta 15 @@@ ROGUE MODE // 2025.09.08 @ 16:26:26 Player: 1R0 Result: Destroyed by Y-54 Guardian with Gatling Laser Performance ------------- Evolutions (4) 2000 Regions Visited (4) 800 Robots Destroyed (4) 20 Value Destroyed (118) 118 Prototype IDs (0) 0 Alien Tech Used (0) 0 Bonus (1164) 1164 TOTAL SCORE: 4102 Bonus ------- Pacifist 364 Registered with UFD 300 Met Optimus in HQ 500 Cogmind --------- Core Integrity 0/850 Matter 143/300 Energy 81/290 System Corruption 0% Temperature Cool (25) Movement Flying (195) Ox2 Location -6/Factory Parts ------- > --- POWER (2) -------- Improved Deuterium Engine > --- PROPULSION (4) --- VTOL Module > --- UTILITY (5) ------ (None) > --- WEAPON (4) ------- (None) > --- INVENTORY (5) ---- (None) Peak State ------------ > --- POWER ------------ Light Ion Engine Light Ion Engine > --- PROPULSION ------- Light Treads Light Treads Medium Treads VTOL Module > --- UTILITY ---------- Medium Storage Unit Weight Redist. System Improved Signal Interpreter Reactive Plating > --- WEAPON ----------- Subdweller Machine Gun CPS Tube CPS Tube > --- INVENTORY -------- Light Nuclear Core Improved Deuterium Engine VTOL Module VTOL Module VTOL Module CPS Tube [Rating: 28] Favorites ----------- Power Light Ion Engine Engine Light Ion Engine Power Core Light Nuclear Core Propulsion Light Treads Treads Light Treads Flight Unit VTOL Module Utility Small Storage Unit Device Weight Redist. System Storage Small Storage Unit Processor Improved Signal Interpreter Protection Reactive Plating Weapon CPS Tube Energy Gun EM Pulse Gun Ballistic Gun Assault Rifle Special Weapon CPS Tube Build | -11 -10 -10 -8 -6 ------- Run | Yrd Mat Sub Scr Fac Slots Evolved 8 | . . . . 8 Power 1 | . . . . 1 Propulsion 2 | . . . . 2 Utility 3 | . . . . 3 Weapon 2 | . . . . 2 Parts Attached 24 | 6 . . 5 13 Power 4 | 1 . . . 3 Engine 3 | 1 . . . 2 Core 1 | . . . . 1 Reactor . | . . . . . Propulsion 8 | 2 . . 1 5 Treads 4 | 2 . . 1 1 Leg . | . . . . . Wheel . | . . . . . Hover . | . . . . . Flight 4 | . . . . 4 Utility 5 | 1 . . 2 2 Device 1 | . . . . 1 Storage 2 | 1 . . 1 . Processor 1 | . . . 1 . Hackware . | . . . . . Protection 1 | . . . . 1 Artifact . | . . . . . Weapon 7 | 2 . . 2 3 Energy Gun 2 | 1 . . . 1 Energy Cannon . | . . . . . Ballistic Gun 2 | 1 . . . 1 Ballistic Cannon . | . . . . . Launcher . | . . . . . Special Weapon 3 | . . . 2 1 Impact Weapon . | . . . . . Slashing Weapon . | . . . . . Piercing Weapon . | . . . . . Special Melee Weapon . | . . . . . Unidentified Prototypes . | . . . . . Parts Lost 18 | . . 2 . 16 Power 3 | . . . . 3 Propulsion 7 | . . 1 . 6 Utility 4 | . . . . 4 Weapon 4 | . . 1 . 3 Highest Loss Streak 15 | . . 2 . 15 To Critical Strikes . | . . . . . Average Backups 5 | 1 2 2 6 4 Power 1 | . 1 1 1 1 Propulsion . | . . . . 1 Utility . | . . . . . Weapon 2 | . 1 1 2 . Tool/Special . | . . . . . Unused Backups . | . . . . . Power . | . . . . . Propulsion . | . . . . . Utility . | . . . . . Weapon . | . . . . . Tool/Special . | . . . . . Average Slot Usage (%) 72 | . 85 82 70 69 Engine 13 | . 14 14 14 11 Treads 23 | . 28 26 23 17 Storage 12 | . 14 14 14 6 Processor 7 | . . . 9 5 Energy Gun 2 | . 14 12 . 2 Ballistic Gun 3 | . 14 14 . 10 Special Weapon 5 | . . . 8 . Peak Build Rating 28 | 6 6 6 14 28 Average Rating 9 | 3 6 5 8 19 On Entrance 6 | . 6 6 4 14 Naked Turns 1 | . . . . 1 Heaviest Build 34 | 12 12 12 15 34 Greatest Support 74 | 40 40 40 40 74 Greatest Overweight (x) 3 | . . . . 3 Average Overweight (x) . | . . . . . Largest Inventory Capacity 10 | 8 8 8 10 10 Average Capacity 8 | 7 8 8 8 9 Most Carried 9 | 5 2 3 8 9 Average Carried 5 | 1 2 2 6 4 Final Capacity 10 | 8 8 8 10 5 Final Carried 7 | 2 2 3 7 . Class Distribution -------------------- 94% | Mutant 5% | Tank Dominant Class ---------------- Mutant | -10/Materials Mutant | -10/Subcaves Mutant | -8/Scraptown Mutant | -6/Factory Resources | -11 -10 -10 -8 -6 ----------- Run | Yrd Mat Sub Scr Fac Matter Collected 362 | 225 . 33 20 84 Remotely . | . . . . . Salvage Created 85 | . . . . 85 Parts 6 | . . . . 6 Haulers Intercepted . | . . . . . Recyclers Shooed . | . . . . . Parts Field Recycled . | . . . . . Retrieved Matter . | . . . . . Parts Self-Destructed . | . . . . . Prevented . | . . . . . Kills | -11 -10 -10 -8 -6 ------- Run | Yrd Mat Sub Scr Fac Combat Hostiles Destroyed 4 | . . . . 4 Guns 4 | . . . . 4 Classes Destroyed 1 | . . . . 1 Swarmer 4 | . . . . 4 Best Kill Streak 4 | . . . . 4 Combat Bots Only 4 | . . . . 4 Max Kills in Single Turn 1 | . . . . 1 Gunslinging . | . . . . . Exploded . | . . . . . Melee . | . . . . . Uniques/NPCs Destroyed . | . . . . . Combat | -11 -10 -10 -8 -6 -------- Run | Yrd Mat Sub Scr Fac Hostile Shots Fired 322 | . . 4 . 318 Missed 114 | . . 1 . 113 Hits 208 | . . 3 . 205 Projectile 208 | . . 3 . 205 AOE 1 | . . . . 1 Damage Taken 2414 | . . 357 . 2057 Core 897 | . . 43 . 854 Absorbed by Shields . | . . . . . Ignored by Resistances 237 | . . . . 237 Regen/Repaired (Parts) 105 | . . . 105 . Core Remaining (%) 91 | 100 . . 82 . Volleys Fired 17 | . . . . 17 Largest 3 | . . . . 3 Hottest 90 | . . . . 90 Shots Fired 42 | . . . . 42 Gun 36 | . . . . 36 Cannon . | . . . . . Launcher . | . . . . . Special 6 | . . . . 6 Kinetic 29 | . . . . 29 Thermal . | . . . . . Explosive . | . . . . . Electromagnetic 7 | . . . . 7 Robot Hit Streak 5 | . . . . 5 Robot Miss Streak 8 | . . . . 8 Penetration Max . | . . . . . Secondary Targets 1 | . . . . 1 Max Gunslinging Chain 1 | . . . . 1 Shots Hit Robots 20 | . . . . 20 Core Hits 7 | . . . . 7 Critical Kills . | . . . . . Critical Parts Destroyed . | . . . . . Critical Strikes . | . . . . . Melee Attacks . | . . . . . Impact . | . . . . . Slashing . | . . . . . Piercing . | . . . . . Sneak Attacks . | . . . . . Combat Hostiles . | . . . . . Follow-up Attacks . | . . . . . Damage Inflicted 361 | . 3 . . 358 Guns 358 | . . . . 358 Cannons . | . . . . . Explosions . | . . . . . Melee . | . . . . . Ramming 3 | . 3 . . . Kinetic 315 | . . . . 315 Thermal . | . . . . . Explosive . | . . . . . Electromagnetic 43 | . . . . 43 Impact . | . . . . . Slashing . | . . . . . Piercing . | . . . . . Highest Corruption . | . . . . . Average Corruption . | . . . . . Corruption Purged . | . . . . . Corruption Blocked . | . . . . . Overload Shots . | . . . . . Overflow Damage . | . . . . . Projectiles . | . . . . . Explosions . | . . . . . Melee . | . . . . . Knockbacks . | . . . . . Impact . | . . . . . Kinetic . | . . . . . Secondary . | . . . . . Self-Inflicted Damage . | . . . . . Shots . | . . . . . Rammed 1 | . 1 . . . Targets Rammed 1 | . 1 . . . Kicked . | . . . . . Crushed . | . . . . . Highest Temperature 100 | . . . . 100 Average Temperature 46 | . . . . 46 Received Heat Transfer 276 | . . . . 276 Siege Activations . | . . . . . Martial Activations . | . . . . . Shielding Activations . | . . . . . Robots Disrupted . | . . . . . Combat Hostiles . | . . . . . Robots Corrupted . | . . . . . Combat Hostiles . | . . . . . Parts Fried . | . . . . . Impact Corruptions . | . . . . . Robots Melted . | . . . . . Combat Hostiles . | . . . . . Parts Melted . | . . . . . Heat Transferred . | . . . . . Parts Sabotaged . | . . . . . Parts Stolen . | . . . . . Parts Stripped . | . . . . . Power Chain Reactions . | . . . . . Alert | -11 -10 -10 -8 -6 ------- Run | Yrd Mat Sub Scr Fac Maximum Alert Level . | . . . . . Low Security (%) 100 | 100 100 . . 100 Level 1 . | . . . . . Level 2 . | . . . . . Level 3 . | . . . . . Level 4 . | . . . . . Level 5 . | . . . . . High Security . | . . . . . Max Security . | . . . . . Peak Influence 90 | . . . . 90 Initial . | . . . . . Average 18 | . . . . 26 Influence Increases 120 | . . . . 120 Destroy 0b10 Robot/C 80 | . . . . 80 Destroy Leader 10 | . . . . 10 Disable Machine 15 | . . . . 15 Lose Combat Pursuer 15 | . . . . 15 Influence Decreases 120 | . . . . 120 Time Decay 70 | . . . . 70 Lost Part 50 | . . . . 50 Squads Dispatched 3 | . . . . 3 Investigation . | . . . . . Extermination . | . . . . . Reinforcement . | . . . . . Assault . | . . . . . Garrison 3 | . . . . 3 Intercept . | . . . . . Searches Triggered . | . . . . . Construction Impeded . | . . . . . Haulers Reinforced . | . . . . . Active Scanning Responses . | . . . . . Cargo Convoy Interrupts . | . . . . . Stealth | -11 -10 -10 -8 -6 --------- Run | Yrd Mat Sub Scr Fac Distress Signals . | . . . . . Communications Jammed . | . . . . . Distress Signals . | . . . . . Times Spotted 11 | . . 1 . 10 Peak Tracking Total 5 | . . 1 . 5 Tactical Retreats 1 | . . . . 1 Traps | -11 -10 -10 -8 -6 ------- Run | Yrd Mat Sub Scr Fac Traps Triggered 6 | . . 6 . . Indirectly . | . . . . . Trap Hack Attempts . | . . . . . Triggered . | . . . . . Disarmed . | . . . . . Reprogrammed . | . . . . . Reused . | . . . . . Traps Extracted . | . . . . . Installed . | . . . . . Triggered . | . . . . . Machines | -11 -10 -10 -8 -6 ---------- Run | Yrd Mat Sub Scr Fac Machines Disabled 1 | . . . . 1 Max in Single Turn 1 | . . . . 1 Machines Repaired . | . . . . . Machines Dismantled . | . . . . . Machines Sabotaged . | . . . . . Overloaded Fab Kills . | . . . . . Hacking | -11 -10 -10 -8 -6 --------- Run | Yrd Mat Sub Scr Fac Machines Accessed 5 | . . . 5 . Terminals . | . . . . . Fabricators . | . . . . . Repair Stations . | . . . . . Recycling Units . | . . . . . Scanalyzers . | . . . . . Garrison Access . | . . . . . Total Hacks 39 | . . . 39 . Successful 39 | . . . 39 . Failed . | . . . . . Catastrophic . | . . . . . Database Lockouts . | . . . . . Manual . | . . . . . Terminals . | . . . . . Fabricators . | . . . . . Repair Stations . | . . . . . Recycling Units . | . . . . . Scanalyzers . | . . . . . Garrison Access . | . . . . . Terminal Hacks 39 | . . . 39 . Record 39 | . . . 39 . Fabricator Hacks . | . . . . . Repair Station Hacks . | . . . . . Recycling Unit Hacks . | . . . . . Scanalyzer . | . . . . . Garrison Access Hacks . | . . . . . Unauthorized Hacks . | . . . . . Terminals . | . . . . . Fabricators . | . . . . . Repair Stations . | . . . . . Recycling Units . | . . . . . Scanalyzers . | . . . . . Garrison Access . | . . . . . Data Cores Recovered . | . . . . . Used . | . . . . . Hacking Detections . | . . . . . Full Trace Events . | . . . . . Feedback Events . | . . . . . Feedback Blocked . | . . . . . Robot Schematics Acquired . | . . . . . Robots Built . | . . . . . Authchips . | . . . . . Time . | . . . . . Total Robot Build Rating . | . . . . . Part Schematics Acquired . | . . . . . Parts Built . | . . . . . Authchips . | . . . . . Time . | . . . . . Total Part Build Rating . | . . . . . Parts Repaired . | . . . . . Time . | . . . . . Parts Recycled . | . . . . . Recycled Matter . | . . . . . Retrieved Matter . | . . . . . Retrieved Components . | . . . . . Parts Scanalyzed . | . . . . . Part Schematics Acquired . | . . . . . Parts Damaged . | . . . . . Bothacking | -11 -10 -10 -8 -6 ------------ Run | Yrd Mat Sub Scr Fac Used RIF Installer . | . . . . . Robots Hacked . | . . . . . Non-combat . | . . . . . Combat . | . . . . . Robot Hacks Applied . | . . . . . Relay Couplers Released . | . . . . . Fabnet Peak Effective % . | . . . . . Robots Rewired . | . . . . . Allies Hacked . | . . . . . Hacks Repelled . | . . . . . Allies | -11 -10 -10 -8 -6 -------- Run | Yrd Mat Sub Scr Fac Total Allies . | . . . . . Largest Group . | . . . . . Highest-Rated Group . | . . . . . Highest-Rated Ally . | . . . . . Total Orders . | . . . . . Ally Attacks . | . . . . . Total Damage . | . . . . . Kills . | . . . . . Allies Corrupted . | . . . . . Allies Melted . | . . . . . Intel | -11 -10 -10 -8 -6 ------- Run | Yrd Mat Sub Scr Fac Active Infowar (turns) . | . . . . . Robot Analysis Total . | . . . . . Derelict Logs Recovered 1 | . . 1 . . Drone Launches . | . . . . . Drone Recoveries . | . . . . . Exploration | -11 -10 -10 -8 -6 ------------- Run | Yrd Mat Sub Scr Fac Turns Passed 2417 | 93 31 387 1610 296 Spaces Moved 1427 | 53 19 229 998 128 Core 26 | 16 . . . 10 Treads 1394 | 37 19 229 998 111 Legs . | . . . . . Wheels . | . . . . . Hover . | . . . . . Flight 7 | . . . . 7 Fastest Speed 50 | 50 160 160 160 100 Average Speed 158 | 126 160 160 160 160 Slowest Speed 200 | 160 160 160 160 200 Overloaded Moves . | . . . . . Propulsion Burnouts . | . . . . . Robots Hopped . | . . . . . Potential Cave-ins . | . . . . . Cave-ins Triggered . | . . . . . Exploration Rate (%) 20 | 4 7 13 77 3 Regions Visited 4 Branch Regions 2 Pre-discovered Areas . | . . . . . Known Exits Taken 1 | . . . 1 . Unknown Exits Taken 3 | 1 1 1 . . Scrap Searched 1 | . . . 1 . Spaces Dug . | . . . . . Terrain Destroyed . | . . . . . Melee . | . . . . . Projectile . | . . . . . AOE . | . . . . . Terrain Rammed . | . . . . . Walls Destroyed . | . . . . . Machines Disabled . | . . . . . Actions | -11 -10 -10 -8 -6 --------- Run | Yrd Mat Sub Scr Fac Total 1538 | 78 19 247 1012 182 Wait 38 | 13 . 18 . 7 Move 1423 | 52 18 228 997 128 Hop . | . . . . . Pick Up 23 | 7 . 1 8 7 Fast Attach 1 | 1 . . . . Attach 24 | 5 . . 4 15 Detach 2 | . . . 1 1 Swap 8 | . . . 1 7 Drop 1 | . . . 1 . Fire 17 | . . . . 17 Melee . | . . . . . Ram . | . . . . . Kick . | . . . . . Crush 1 | . 1 . . . Escape Stasis . | . . . . . Rewire . | . . . . . Trap . | . . . . . Miscellaneous . | . . . . . Route ------- -11/Scrapyard -10/Materials -10/Subcaves (discovered 2 exits: Mat / *Scr) -8/Scraptown -6/Factory History --------- Turn | Location | Event 16 | -11/Scrapyard | Discovered new exit (range 15) 94 | -11/Scrapyard | Entered Materials 95 | -10/Materials | Met a group of wandering Federalists 107 | -10/Materials | Discovered new exit (range 9) 125 | -10/Materials | Entered Subcaves 125 | -10/Subcaves | Accompanied by 4 allies 126 | -10/Subcaves | Continued accompanying wandering Federalists (5) 144 | -10/Subcaves | Identified exit to Materials 304 | -10/Subcaves | Build established: Mutant 397 | -10/Subcaves | Wandering Federalist uncovered a shortcut to Scraptown 495 | -10/Subcaves | Lost 3 allies 512 | -10/Subcaves | Entered Scraptown 563 | -8/Scraptown | Heard Great Nut preacher, LISTEN AND RECITE! 577 | -8/Scraptown | Visited Cyclists 647 | -8/Scraptown | Visited Symbiants 1188 | -8/Scraptown | Visited CR-KLE's Repair Center 1199 | -8/Scraptown | CR-KLE repaired 4 parts 1241 | -8/Scraptown | Visited The Evicted 1285 | -8/Scraptown | Visited Bundlers 1478 | -8/Scraptown | Visited UFD Registry 1478 | -8/Scraptown | Registered with UFD as "Armorboard" 1585 | -8/Scraptown | Visited LU-1G1's Boring Crew 1617 | -8/Scraptown | Visited Curators Association 1943 | -8/Scraptown | Met Optimus 1943 | -8/Scraptown | Accepted into 0bPrime 2025 | -8/Scraptown | Visited Research Penetration Think Tank 2108 | -8/Scraptown | Discovered new exit (range 5) 2119 | -8/Scraptown | Identified exit to Factory 2122 | -8/Scraptown | Entered Factory 2122 | -6/Factory | Evolved 8 slots: Power x1, Propulsion x2, Utility x3, Weapon x2 2408 | -6/Factory | Core integrity fell below 50% 2415 | -6/Factory | Core integrity fell below 20% 2418 | -6/Factory | Destroyed by Y-54 Guardian with Gatling Laser Last Messages --------------- 02373_ Sub. Machine Gun destroyed. 02374_ CPS Tube expended. 02374_ CPS modules attach to Y-54 Guardian. 02379_ Lgt. Ion Engine destroyed. 02384_ Lgt. Treads destroyed. 02389_ Med. Treads destroyed. 02389_ Reactive Plating destroyed. 02390_ Lgt. Treads destroyed. 02390_ Lgt. Ion Engine destroyed. 02392_ Imp. Signal Interpreter destroyed. 02392_ Weight Redist. System destroyed. 02395_ S-27 Virus destroyed. 02407_ Y-54 Guardian emerges from the garrison. 02408_ Nuclear Reactor explodes. 02408_ Lgt. Nuclear Core destroyed. 02408_ CPS modules swiftly deploy to protect S-27 Virus components. 02408_ S-27 Virus destroyed. 02409_ VTOL Module destroyed. 02414_ Nuclear Reactor explodes. 02415_ Med. Storage Unit destroyed. Map ----- +----------------------------------------------------+ | ?????????????????????????????????????????????????? | | ?????????????????????????????????????????????????? | | ?????????????????????????????????????????????????? | | ?????????????????????????????????????????????????? | | ?????????????????????????????????????????????????? | | ?????????????????????????????????????????????????? | | ?????????????????????????????????????????????????? | | ?????????????????????????????????????????????????? | | ?????????????????????????????????????????????????? | | ?????????????????????????????????????????????????? | | ?????????????????????????????????????????????????? | | ?????????????????????????????????????????????????? | | ?????????????????????????########????????????????? | | ????????????????????####? ???????????????? | | ????########???? ? ????????????????? | | ????# #????" # ?????????????????? | | ????# """#?""T" # ?????????????????? | | ????# """#? # ??????????????????? | | ????# """#??" # #??????????????????? | | ????# #??" # #??????????????????? | | ????# #=""" ! # #??????????????????? | | ????###+#### """ # #??????????????????? | | ??????# #??# """ # #??????????????????? | | ??????# #??# + +??????????????????? | | ??????# #??# # #??????????????????? | | ??????# #??# @ #??????????????????? | | ####### #??????## ####+##????????????? | | # #??????# ! ?????????? | | """ # #??###### #????????? | | """ # #??#""""" [ """ """ ?????????? | | """ # ####""T"" %= """ """?????????????? | | + =% *%Y* """ ""??????????????? | | * # = = ????????????????? | | ####### """ %"" """ ????????????????? | | ?# """ """Y Y """ "???????????????? | | ?# """ """ " " """ "???????????????? | | ?# ""G"" ?????????????????? | | ?# ?????????????????? | | ?# ????????????????? | | ######+#############+############+???????????????? | | # #???????????????????????????????????? | | # """" """" #???????????????????????????????????? | | # """" """" #???????????????????????????????????? | | # """" """" #???????????????????????????????????? | | # """" """" #???????????????????????????????????? | | # #???????????????????????????????????? | | # """" "" #???????????????????????????????????? | | # """" "" #???????????????????????????????????? | | # """" T" #???????????????????????????????????? | | # """" "" #???????????????????????????????????? | +----------------------------------------------------+ Best States ------------- Heat Dissipation 37 Energy Generation 15 Energy Capacity 150 Matter Stores 300 Matter Capacity 300 Sight Range 16 Terrain Scan Density 10 Additional Mass Support 6 Armor Coverage 150 Resistance: KI 20 Evasion (%) 50 Recoil Reduction 3 Item Schematics ----------------- None Robot Schematics ------------------ None Fabricated ------------ Nothing Repaired ---------- Nothing Alien Tech Used ----------------- None Achievements -------------- None Challenges ------------ None Game ------ Seed BottomlessCommNetwork Manual? 0 Play Time 00:18:27 Cumulative 3.1 hours Start 2025.09.08 @ 16:07:11 End 2025.09.08 @ 16:26:26 Sessions 1 Manual Loads 0 Difficulty Rogue Special Mode None Game No. 13 Rogue 10 Adventurer 3 Explorer 0 Win Type - Total 0 Types 0/0/0/0/0/0/0/0/0/0 Lore% 10 Gallery% 8 Achievement% 7 Wizard Run 0 Options --------- Layout 0 ASCII 0 Keyboard 0 Movement Mouse Keybinds 0 Fullscreen 2 Font 24/Smallcaps Map View 76x50 Zoom Use 0% Tactical HUD 1 Map Filters NONE Filters NONE Steam 1 RUN: 94b22fe3-627c-452c-b6c6-2850e4489474